 Dungeon Crawl Stone Soup version 0.31-a0-408-gb642c7f9a3 (webtiles) character file.

Game seed: 2911851226576453549

48 Vomitron the Digger (level 3, 0/21 HPs)
             Began as an Octopode Earth Elementalist on July 29, 2023.
             Slain by a sleepcap (2 damage)
             ... on level 4 of the Dungeon.
             The game lasted 00:02:56 (2328 turns).

Vomitron the Digger (Octopode Earth Elementalist)   Turns: 2328, Time: 00:02:56

Health: 0/21       AC:  1    Str:  7    XL:     3   Next: 72%
Magic:  13/15      EV: 13    Int: 19    God:
Gold:   166        SH:  0    Dex: 12    Spells: 2/6 levels left

rFire   . . .        c - +0 dagger
rCold   + . .        (no shield)
rNeg    . . .        (helmet restricted)
rPois   .            (no amulet)
rElec   .            h - ring of protection from cold
rCorr   .            j - ring of magical power
SInv    .            (no ring)
Will    .....        (no ring)
Stlth   +++          (no ring)
HPRegen 0.23/turn    (no ring)
MPRegen 0.14/turn    (no ring)
                     (no ring)

%: no passive effects
@: no status effects
A: almost no armour, amphibious, 8 rings, camouflage 1, gelatinous body 1,
(nimble swimmer 1), tentacles
a: no special abilities


You were on level 4 of the Dungeon.
You visited 1 branch of the dungeon, and saw 4 of its levels.

You collected 166 gold pieces.

Inventory:

Hand Weapons
 c - a +0 dagger (weapon)
Missiles
 g - 2 poisoned darts
Jewellery
 h - a ring of protection from cold (left tentacle)
 j - a ring of magical power (right tentacle)
Wands
 f - a wand of mindburst (3)
Scrolls
 b - 2 scrolls of teleportation
 e - a scroll of identify
 i - 2 scrolls of immolation {unknown}
Potions
 a - a potion of magic
 d - a potion of cancellation


   Skills:
 - Level 2.0 Dodging
 + Level 3.6 Stealth
 + Level 2.4 Spellcasting
 + Level 0.3 Conjurations
 - Level 1.0 Transmutations
 * Level 3.8 Earth Magic


You had 2 spell levels left.
You knew the following spells:

 Your Spells              Type           Power      Damage    Failure   Level
a - Sandblast             Erth           34%        2d9       3%          1
b - Stone Arrow           Conj/Erth      20%        3d8       21%         3

Your spell library contained the following spells:

 Spells                   Type           Power      Damage    Failure   Level
 Passwall                 Tmut/Erth      9%         N/A       9%          2
 Apportation              Tloc           4%         N/A       16%         1
 Necrotise                Necr           8%         1d4       16%         1
 Slow                     Hex            8%         N/A       16%         1
 Summon Small Mammal      Summ           8%         N/A       16%         1
 Confusing Touch          Hex            2%         N/A       43%         3
 Vampiric Draining        Necr           2%         2d6       43%         3
 Petrify                  Tmut/Erth      11%        N/A       52%         4


Dungeon Overview and Level Annotations

Branches:
Dungeon (4/15)
 Temple: D:4-7

Altars:
Zin

Shops:
D:1 [   D:3 *

Annotations:
D:1 1 transporter


Innate Abilities, Weirdness & Mutations

You cannot wear most types of armour.
You are amphibious.
You can wear up to eight rings at the same time.
Your skin changes colour to match your surroundings (Stealth+).
Your rubbery body absorbs attacks. (AC +1, EV +1)
((You are camouflaged when in or above water. (Stealth+)))
You have tentacles for arms and can constrict up to eight enemies at once.


Message History

A scorpion comes into view.
Aiming: Sandblast (safe; 3% risk of failure)
Press: ? - help, Q - select action, (/) - cycle Shift-Dir - straight line, f - sleepcap
Aim: a sleepcap (100% to hit)
The blast of sand hits the sleepcap.
The sleepcap is lightly damaged.
Unknown command.
Unknown command.
There is a stone staircase leading up here.
Casting: Sandblast (safe; 3% risk of failure)
Confirm with . or Enter, or press ? or * to list all spells.
The spell is extremely dangerous to miscast (21% risk of failure)!
Continue anyway?
Okay, then.
Aiming: Sandblast (safe; 3% risk of failure)
Press: ? - help, Q - select action, (/) - cycle Shift-Dir - straight line, f/p - sleepcap
Aim: a sleepcap (lightly damaged, 100% to hit)
The blast of sand hits the sleepcap.
The sleepcap is lightly damaged.
Unknown command.
Unknown command.
Unknown command.
The sleepcap releases spores at you!
You are engulfed in a cloud of soporific spores!
You fall asleep.
You stop ascending the stairs.
The scorpion stings you!
You wake up.
* * * LOW HITPOINT WARNING * * *
The sleepcap releases spores at you.
* * * LOW HITPOINT WARNING * * *
You are engulfed in a cloud of soporific spores!
You are unaffected.
Unknown command.
Unknown command.
Unknown command.
Unknown command.
As you read the scroll labelled ETU HIMESIURU, it crumbles to dust.
It is a scroll of identify.
d - a potion of cancellation The scorpion barely misses you.
The sleepcap releases spores at you.
You die...

#.# #.# #..
.........
#.##.....
#....... #<...#
...... ##...#
..... .#.....
#... . .. ....
#>. ... ###
#...###.####...#
#......@f.....:.
#......s........
................
####....#.......
#..###.......
.... .......
..... .......
..... ....o..
... .......


You could see a sleepcap, a scorpion and an orc (asleep).

Vanquished Creatures
  A worm (D:3)
  2 dart slugs
  5 bats
  2 endoplasms
  2 giant cockroaches
  8 goblins
  3 hobgoblins
  5 kobolds
  A quokka (D:1)
  4 ball pythons
  5 frilled lizards
  A rat (D:2)
39 creatures vanquished.

Notes
Turn   | Place    | Note
-------+----------+-------------------------------------------
     0 | D:1      | Vomitron the Octopode Earth Elementalist began the quest
                  | for the Orb.
     0 | D:1      | Reached XP level 1. HP: 11/11 MP: 3/3
   157 | D:1      | Reached XP level 2. HP: 17/17 MP: 3/5
   698 | D:1      | Found Jieden's Armour Shoppe.
   891 | D:2      | Reached XP level 3. HP: 21/21 MP: 3/6
  1338 | D:2      | Learned a level 3 spell: Stone Arrow
  1546 | D:3      | Found Zin's Purification Station.
  1549 | D:3      | Found a glowing silver altar of Zin.
  2322 | D:4      | Noticed a scorpion
  2328 | D:4      | Slain by a sleepcap

Illustrated notes

Levels and vault maps discovered:
D:1:      spicycebolla_arrival_risky_transporter, layout_loops_cross,
          serial_shops, nicolae_shop_tiny_waterfront, minmay_indecisive_spiral
D:2:      layout_basic
D:3:      layout_basic, zin_purify, grunt_decor_arrowhead
D:4:      layout_rooms, lemuel_coloured_pillars_altar, serial_shops, shop

Skill      XL: |  1 |
---------------+----+-----
Stealth        | 3 |  3.6
Dodging        | |  2.0
Spellcasting   | |  2.4
Conjurations   | |  0.3
Transmutations | |  1.0
Earth Magic    | |  3.8

Action                     || total
---------------------------++-------
  Melee: Dagger            ||     5
         Tentacles         ||     3
         Constrict         ||     2
   Cast: Sandblast         ||    47
    Use: Scroll            ||     2
 Armour: Skin              ||     2
  Dodge: Dodged            ||    12

Table legend: (Time is in decaauts)
 A = Elapsed time spent in this place.
 B = Non-inter-level travel time spent in this place.
 C = Inter-level travel time spent in this place.
 D = Time resting spent in this place.
 E = Time spent auto-exploring this place.
 F = Levels seen in this place.
 G = Mean time per level.
                   A        B        C        D        E       F      G
               +--------+--------+--------+--------+--------+-----+--------+
         Total |   2349 |   2270 |     79 |     64 |   1949 |   4 |  587.2 |
       Dungeon |   2349 |   2270 |     79 |     64 |   1949 |   4 |  587.2 |
               +--------+--------+--------+--------+--------+-----+--------+

Top non-repeatable levels by time:
     D:1: 874 daAuts
     D:3: 853 daAuts
     D:2: 610 daAuts
     D:4: 12 daAuts
